 Dungeon Crawl Stone Soup version 0.20.1-1-g8b1a95d (webtiles) character file.

322 Ymberti the Covered (level 6, -10/53 HPs)
             Began as a Hill Orc Fighter on Oct 3, 2017.
             Was an Initiate of Beogh.
             Mangled by an ogre
             ... wielding a +0 giant club
              (19 damage)
             ... on level 4 of the Dungeon.
             The game lasted 00:09:17 (3092 turns).

Ymberti the Covered (Hill Orc Fighter)              Turns: 3092, Time: 00:09:18

Health: -10/53     AC:  4    Str: 19    XL:     6   Next: 47%
Magic:  6/6        EV:  7    Int:  8    God:    Beogh [......]
Gold:   99         SH: 14    Dex: 12    Spells: 5/5 levels left

rFire    . . .     SeeInvis .   a - +0 long sword
rCold    . . .     Gourm    .   p - +0 large shield
rNeg     . . .     Faith    .   c - -2 ring mail (curse)
rPois    +         Spirit   .   (no helmet)
rElec    .         Reflect  .   (no cloak)
rCorr    .         Harm     .   (no gloves)
MR       .....                  (no boots)
Stlth    +.........             n - amulet of rage
Regen    0.2/turn               m - ring of wizardry
MPRegen  0.1/turn               e - ring of poison resistance

@: berserk cooldown, slowed, very slow
A: no striking features
a: Renounce Religion, Evoke Berserk Rage


You were on level 4 of the Dungeon.
You worshipped Beogh.
Beogh was noncommittal.
You were not hungry.

You visited 1 branch of the dungeon, and saw 4 of its levels.

You collected 99 gold pieces.

Inventory:

Hand Weapons
 a - a +0 long sword (weapon)
Missiles
 i - a throwing net (quivered)
Armour
 b - a +0 scale mail
 c - a cursed -2 ring mail (worn)
 p - a +0 large shield (worn)
Jewellery
 e - a ring of poison resistance (right hand)
 m - a ring of wizardry (left hand)
 n - an amulet of rage (around neck)
Scrolls
 t - a scroll of identify
Potions
 d - a potion of might
 h - a potion of brilliance
 k - a potion of resistance {unknown}
 l - 2 potions of ambrosia
 o - a potion of degeneration {unknown}
 q - a potion of curing {unknown}
 r - a potion of mutation {unknown}
 s - 2 potions of flight {unknown}
Comestibles
 f - a bread ration
 g - 2 fruits
 j - 3 meat rations


   Skills:
 + Level 4.3 Fighting
 + Level 4.2 Long Blades
 + Level 5.1 Armour
 + Level 1.2 Dodging
 + Level 4.2 Shields
 + Level 1.1 Evocations


You had 5 spell levels left.
You didn't know any spells.

Dungeon Overview and Level Annotations

Branches:
Dungeon (4/15)
 Temple: D:4-7

Altars:
Trog

Annotations:
D:3 Frank's ghost, amateur OpFi; Grinder


Message History

Reactivating autopickup.
The sky beast hits you.
* * * LOW HITPOINT WARNING * * *
The sky beast shocks you.
* * * LOW HITPOINT WARNING * * *
You barely miss the sky beast.
The sky beast is severely wounded.
You block the sky beast's attack.
You barely miss the sky beast.
The sky beast is severely wounded.
You slash the sky beast!
You kill the sky beast!
Beogh accepts your kill.
Your Armour skill increases to level 5!
You feel a strong urge to attack something.
You are no longer berserk.
You are exhausted.
You feel yourself slow down. The ogre hits you with a giant club!!
You die...

#.#.#....).#
........######.
#.####......!..
##.####### #.# #†#
########### #.#
#.........####.#
#.#######@#....#######
#)# #####.O###........
#)# #......# #....####
#)# #.###..###..#.#
#.# .# #.#[......#
#.###.###.#.......#
#.........####.####
##....#.### #.#
#..###. #.#


You could see an ogre.

Vanquished Creatures
  A sky beast (D:4)
  A hound (D:4)
  Jessica (D:3)
  A worker ant (D:4)
  8 adders
  3 gnolls (D:4)
  A worm (D:2)
  A dart slug (D:2)
  2 leopard geckos
  2 orcs (D:4)
  6 bats
  2 giant cockroaches
  4 goblins
  6 hobgoblins
  3 quokkas
  A ball python (D:3)
  2 frilled lizards
  A jackal skeleton (D:3)
  4 kobolds
  3 rats
53 creatures vanquished.

Vanquished Creatures (others)
  An orc priest (D:3)
  3 orcs (D:3)
4 creatures vanquished.

Grand Total: 57 creatures vanquished

Notes
Turn   | Place    | Note
-------+----------+-------------------------------------------
     0 | D:1      | Ymberti the Hill Orc Fighter began the quest for the Orb.
     0 | D:1      | Reached XP level 1. HP: 19/19 MP: 1/1
   379 | D:1      | Reached XP level 2. HP: 25/27 MP: 2/2
   909 | D:2      | Reached XP level 3. HP: 33/33 MP: 3/3
   916 | D:2      | Reached skill level 4 in Armour
  1190 | D:2      | Reached XP level 4. HP: 37/40 MP: 4/4
  1789 | D:3      | Noticed Grinder
  1894 | D:3      | Found a bloodstained altar of Trog.
  1964 | D:3      | Noticed Frank's ghost (amateur OpFi)
  1965 | D:3      | Became a worshipper of Beogh the Brigand
  2308 | D:4      | Reached skill level 1 in Evocations
  2308 | D:4      | Reached XP level 5. HP: 46/46 MP: 5/5
  2432 | D:3      | Noticed Jessica
  2450 | D:3      | Killed Jessica
  2886 | D:4      | Reached skill level 1 in Dodging
  2888 | D:4      | Reached XP level 6. HP: 40/53 MP: 6/6
  3063 | D:4      | Noticed a sky beast
  3086 | D:4      | Killed a sky beast
  3086 | D:4      | Reached skill level 5 in Armour
  3092 | D:4      | Mangled by an ogre

Skill      XL: |  1  2  3  4  5  6 |
---------------+-------------------+-----
Armour         | 4 5 |  5.1
Fighting       | 4 |  4.3
Long Blades    | 3 4 |  4.2
Evocations     | 1 |  1.1
Dodging        | 1 |  1.2
Shields        | 4 |  4.2

Action                   |  1- 3 |  4- 6 || total
-------------------------+-------+-------++-------
Melee: Long sword        |   100 |   130 ||   230
Invok: Convert to Beogh  |       |     1 ||     1
 Abil: Evoke Berserk Rag |     1 |     3 ||     4
  Use: Scroll            |     3 |     3 ||     6
       Potion            |       |     1 ||     1
  Eat: Fruit             |     2 |       ||     2
       Bread ration      |     1 |     1 ||     2
Armor: Scale mail        |    43 |       ||    43
       Ring mail         |     4 |    40 ||    44
Dodge: Dodged            |    41 |    37 ||    78
Block: Shield            |    47 |       ||    47
       Large shield      |    13 |   127 ||   140
       Rpst.: Long sword |    12 |    10 ||    22
